 Dungeon Crawl Stone Soup version 0.25-a0-35-g747a2b3c0c (webtiles) character file.

Game seed: 200340710755278103, levelgen mode: deterministic

135 Arixos the Skirmisher (level 4, -1/37 HPs)
             Began as a Demonspawn Monk on Oct 19, 2019.
             Slain by an adder (4 damage)
             ... on level 3 of the Dungeon.
             The game lasted 00:09:33 (2952 turns).

Arixos the Skirmisher (Demonspawn Monk)             Turns: 2952, Time: 00:09:34

Health: -1/37      AC:  4    Str: 16    XL:     4   Next: 97%
Magic:  4/4        EV: 22    Int: 11    God:
Gold:   148        SH:  0    Dex: 22    Spells: 3/3 levels left

rFire    . . .     SeeInvis .   e - +0 dagger
rCold    + . .     Gourm    .   (no shield)
rNeg     . . .     Faith    .   d - +0 leather armour
rPois    .         Spirit   .   (no helmet)
rElec    .         Reflect  .   (no cloak)
rCorr    .         Harm     .   (no gloves)
MR       .....                  i - +0 pair of boots
Stlth    +++.......             (no amulet)
HPRegen  0.12/turn              o - ring of protection from cold
MPRegen  0.09/turn              p - ring of flight

@: mighty, agile
A: repulsion field 2, rot immunity
a: Evoke Flight


You were on level 3 of the Dungeon.
You were not hungry.

You visited 1 branch of the dungeon, and saw 3 of its levels.

You collected 148 gold pieces.

Inventory:

Hand Weapons
 e - a +0 dagger (weapon)
Missiles
 m - 21 poisoned darts (quivered)
Armour
 d - a +0 leather armour (worn)
 i - a +0 pair of boots (worn)
Jewellery
 o - a ring of protection from cold (left hand)
 p - a ring of flight (right hand)
Scrolls
 a - 3 scrolls of remove curse {unknown}
 g - a scroll of amnesia {unknown}
 k - a scroll of enchant weapon {unknown}
 l - 2 scrolls of identify {unknown}
 n - 2 scrolls of immolation {unknown}
 r - a scroll of teleportation {unknown}
 u - a scroll of blinking {unknown}
Potions
 c - 2 potions of agility
 h - a potion of brilliance {unknown}
 j - 2 potions of lignification {unknown}
 s - a potion of cancellation {unknown}
 t - a potion of heal wounds {unknown}
Comestibles
 b - 9 rations
 q - 3 chunks of flesh


   Skills:
 + Level 4.1 Fighting
 + Level 2.2 Armour
 + Level 3.7 Dodging
 - Level 1.7 Stealth
 - Level 2.6 Unarmed Combat


You had 3 spell levels left.
You didn't know any spells.
Your spell library was empty.

Dungeon Overview and Level Annotations

Branches:
Dungeon (3/15)

Altars:
Qazlal


Innate Abilities, Weirdness & Mutations

You are surrounded by a moderate repulsion field. (EV +3)
You are immune to rotting.


Message History

a +0 halberd; a gnoll corpse You hit the gnoll.
The gnoll is lightly wounded.
The gnoll hits you with a +0 spear!
* * * LOW HITPOINT WARNING * * *
You hit the gnoll.
The gnoll is moderately wounded.
The gnoll completely misses you.
You hit the gnoll.
The gnoll is heavily wounded.
The gnoll misses you.
You puncture the gnoll!
You kill the gnoll!
The adder closely misses you.
You closely miss the adder. The adder bites you.
* * * LOW HITPOINT WARNING * * *
You puncture the adder!
The adder is almost dead.
The adder bites you.
You die...

######### #...S@..# #. ##
.!..#####.# ... .. . # #.#
#.##.#. #.# ...... #.###
#...# #...# #...#
#########.## #...##
######..........# #....>
#......##.#.##..######...##


You could see an adder.

Vanquished Creatures
  3 gnolls (D:3)
  3 adders
  A worm (D:3)
  A leopard gecko (D:2)
  5 orcs
  6 bats
  3 giant cockroaches
  8 goblins
  8 hobgoblins
  9 jackals
  2 quokkas
  5 frilled lizards
  5 kobolds
  11 rats
70 creatures vanquished.

Notes
Turn   | Place    | Note
-------+----------+-------------------------------------------
     0 | D:1      | Arixos the Demonspawn Monk began the quest for the Orb.
     0 | D:1      | Reached XP level 1. HP: 18/18 MP: 1/1
   546 | D:1      | Gained mutation: You are surrounded by a mild repulsion
                  | field. (EV +2) [demonic ancestry]
   546 | D:1      | Reached XP level 2. HP: 24/24 MP: 2/2
   834 | D:1      | Reached skill level 1 in Armour
  1281 | D:2      | Found a stormy altar of Qazlal.
  1331 | D:2      | Gained mutation: You are immune to rotting. [demonic
                  | ancestry]
  1331 | D:2      | Reached XP level 3. HP: 26/29 MP: 3/3
  1871 | D:2      | Gained mutation: You are surrounded by a moderate repulsion
                  | field. (EV +3) [demonic ancestry]
  1871 | D:2      | Reached XP level 4. HP: 16/37 MP: 4/4
  2931 | D:3      | Reached skill level 4 in Fighting
  2952 | D:3      | Slain by an adder

Levels and vault maps discovered:
D:1:      minmay_arrival_checkered_box, layout_loops_corners
D:2:      layout_basic, first_ration, nicolae_qazlal_eye_of_the_storm
D:3:      layout_loops_cross

Skill      XL: |  1  2  3  4 |
---------------+-------------+-----
Dodging        | 3 |  3.7
Armour         | 1 2 |  2.2
Fighting       | 4 |  4.1
Stealth        | |  1.7
Unarmed Combat | |  2.6

Action                   |  1- 3 |  4- 6 || total
-------------------------+-------+-------++-------
Melee: Unarmed           |    20 |       ||    20
       Dagger            |   221 |   198 ||   419
       Punch             |     1 |     2 ||     3
  Use: Potion            |       |     2 ||     2
 Stab: Sleeping          |     3 |     1 ||     4
  Eat: Chunk             |     3 |     4 ||     7
Armor: Leather armour    |    36 |    35 ||    71
Dodge: Dodged            |   184 |   164 ||   348

Table legend:
 A = Non-vault XP
 B = Vault XP
 C = Vault XP percentage of total XP
 D = Non-vault monster count
 E = Vault monster count
 F = Vault count percentage of total count
                 A         B        C        D         E       F
            +---------+---------+-------+---------+---------+-------
      Total |     194 |       0 |   0.0 |      70 |       0 |   0.0
            +---------+---------+-------+---------+---------+-------
        D:1 |      30 |       0 |   0.0 |      20 |       0 |   0.0
        D:2 |      59 |       0 |   0.0 |      21 |       0 |   0.0
        D:3 |     105 |       0 |   0.0 |      29 |       0 |   0.0
            +---------+---------+-------+---------+---------+-------
